 Dungeon Crawl Stone Soup version 0.27.0-1-g7a089689b8 (webtiles) character file.

Game seed: 4794986902685404856

137 zarnack the Slasher (level 5, -7/49 HPs)
             Began as a Troll Gladiator on Aug 10, 2021.
             Succumbed to an orc's poison
             ... on level 6 of the Dungeon.
             The game lasted 00:15:40 (1264 turns).

zarnack the Slasher (Troll Gladiator)               Turns: 1264, Time: 00:15:41

Health: -7/49      AC:  4    Str: 23    XL:     5   Next: 0%
Magic:  4/4        EV: 10    Int:  4    God:
Gold:   56         SH:  0    Dex: 11    Spells: 4/4 levels left

rFire    . . .     SeeInvis .   i - +0 mace (freeze)
rCold    . . .     Faith    .   (no shield)
rNeg     . . .     Spirit   .   b - +0 robe
rPois    .         Reflect  .   c - +0 hat
rElec    .         Harm     .   (no cloak)
rCorr    .         Rampage  .   (gloves unavailable)
Will     .....                  (boots unavailable)
Stlth    +.........             (no amulet)
HPRegen  1.16/turn              (no ring)
MPRegen  0.09/turn              (no ring)

@: lethally poisoned (-7 -> -28)
A: large, unfitting armour, claws 3, regeneration 1, shaggy fur 1, tough skin 1
a: no special abilities


You were on level 6 of the Dungeon.
You visited 1 branch of the dungeon, and saw 6 of its levels.

You collected 56 gold pieces.

Inventory:

Hand Weapons
 i - a +0 mace of freezing (weapon)
Missiles
 d - 3 throwing nets (quivered)
 e - 21 bolts
 g - 7 stones
Armour
 b - a +0 robe (worn)
 c - a +0 hat (worn)
 m - a +0 ring mail
Magical Staves
 k - a staff of cold
Scrolls
 a - a scroll of holy word {unknown}
 j - 2 scrolls of identify {unknown}
 l - a scroll of acquirement {unknown}
Potions
 f - a potion of berserk rage
 h - a potion of brilliance {unknown}


   Skills:
 + Level 2.2 Fighting
 + Level 3.4 Long Blades
 + Level 1.0 Maces & Flails
 + Level 2.0 Throwing
 + Level 3.2 Dodging
 + Level 0.1 Stealth


You had 4 spell levels left.
You didn't know any spells.
Your spell library was empty.

Dungeon Overview and Level Annotations

Branches:
Dungeon (6/15)
 Temple: D:4-7

Altars:
Trog
Wu Jian


Innate Abilities, Weirdness & Mutations

You are too large for most types of armour.
You have claws for hands.
Your natural rate of healing is unusually fast.
You are covered in fur. (AC +1)
You have tough skin. (AC +1)


Message History

An orc comes into view. It is wielding a +0 flail.
The water moccasin moves out of view.
There are monsters nearby!
There is a stone staircase leading up here.
You barely miss the orc. The orc hits you but does no damage.
The orc closely misses you.
You hit the orc. You freeze the orc.
You kill the orc!
The water moccasin bites you!
You are poisoned.
The water moccasin poisons you! The water moccasin bites you!
You are more poisoned.
The water moccasin poisons you!
The orc hits you with a +1 dagger of venom.
You have reached level 5!
You hit the orc but do no damage.
You feel extremely sick.
The water moccasin bites you but does no damage.
The orc hits you with a +1 dagger of venom.
The water moccasin bites you but does no damage.
The orc shouts!
You hit the orc but do no damage.
You feel very sick. The water moccasin bites you.
* * * LOW HITPOINT WARNING * * *
You are lethally poisoned!
The water moccasin poisons you! The orc closely misses you.
The water moccasin bites you.
* * * LOW HITPOINT WARNING * * *
You completely miss the orc.
* * * LOW HITPOINT WARNING * * *
You feel extremely sick.
The water moccasin bites you but does no damage.
The orc barely misses you.
The water moccasin bites you but does no damage.
The orc hits you with a +1 dagger of venom.
* * * LOW HITPOINT WARNING * * *
You are more poisoned.
You hit the orc but do no damage.
You die...

#o #. #.
#.#######
#.......#######
#.o...........#
#.............#
#...)S........#
#...o@........#
#.............#
#......<......#
#...............#
#...............#
#...............#
#...............#
#...............#
#...#############


You could see a water moccasin and 2 orcs.

Vanquished Creatures
  An orc priest (D:3)
  Terence (D:3)
  3 gnolls (D:4)
  An adder (D:3)
  5 orcs
  6 ball pythons
  4 endoplasms
  2 giant cockroaches
  A goblin (D:3)
  2 hobgoblins (D:1)
  4 jackals (D:1)
  A quokka (D:3)
  2 bats
  2 frilled lizards (D:1)
  3 kobolds (D:1)
  2 rats (D:1)
40 creatures vanquished.

Notes
Turn   | Place    | Note
-------+----------+-------------------------------------------
     0 | D:1      | zarnack the Troll Gladiator began the quest for the Orb.
     0 | D:1      | Reached XP level 1. HP: 19/19 MP: 0/0
   345 | D:1      | Reached XP level 2. HP: 12/27 MP: 1/1
   485 | D:1      | Found a faded altar of an unknown god.
   920 | D:3      | Reached XP level 3. HP: 35/35 MP: 2/2
   923 | D:3      | Noticed Terence
   937 | D:3      | Killed Terence
  1073 | D:3      | Reached XP level 4. HP: 33/42 MP: 3/3
  1094 | D:4      | Noticed an ogre
  1117 | D:4      | Found a bloodstained altar of Trog.
  1169 | D:4      | Reached skill level 1 in Maces & Flails
  1176 | D:4      | Found an ornate altar of the Wu Jian Council.
  1182 | D:4      | Noticed a spectral centipede
  1182 | D:4      | Noticed a spectral black mamba
  1182 | D:4      | Noticed a spectral cane toad
  1221 | D:5      | Entered Level 5 of the Dungeon
  1249 | D:6      | Noticed a water moccasin
  1261 | D:6      | Reached XP level 5. HP: 30/49 MP: 4/4
  1263 | D:6      | HP: 1/49 [orc (2)]
  1264 | D:6      | Succumbed to an orc's poison

Illustrated notes

Levels and vault maps discovered:
D:1:      lemuel_arrival_room, layout_basic, shapermc_ecumenical_altar_venn
D:2:      layout_loops_cross, basic_altar, minmay_randomly_rotated_circles,
          uniq_robin
D:3:      layout_rooms, grunt_dithmenos_smoke, uniq_terence
D:4:      cheibrodos_old_hovel, layout_rooms, pdpol_wu_jian_five_deadly_venoms,
          mainiacjoe_overflow_surrounded_room, minivault_23, st_stairs_7
D:5:      layout_loops_corners
D:6:      layout_basic, chequers_serial_rivers_micro_e

Skill      XL: |  1  2  3  4 |
---------------+-------------+-----
Throwing       | 2 |  2.0
Fighting       | 2 |  2.2
Long Blades    | 3 |  3.4
Dodging        | 3 |  3.2
Maces & Flails | 1 |  1.0
Stealth        | |  0.1

Action                   |  1- 3 |  4- 6 || total
-------------------------+-------+-------++-------
Melee: Long sword        |    49 |       ||    49
       Mace              |    47 |    32 ||    79
  Use: Scroll            |     3 |       ||     3
       Potion            |     1 |       ||     1
 Stab: Sleeping          |     1 |       ||     1
Armor: Robe              |    55 |    18 ||    73
Dodge: Dodged            |    76 |    24 ||   100
       Rpst.: Long sword |    11 |       ||    11
